Map: Port Aleksander EC

Players

zidar - Winner!

  • Race: Zerg Zerg
  • League: Gold
  • Spawn Location: 5:00

Myfox

  • Race: Terran Terran
  • Spawn Location: 11:00

VOD

Have the link to the VOD?

Description

Time

  • Played on: Dec. 30, 2018, 11:36 a.m.
  • Length: 15:11
Show
View Real Time Build Order
Export as new Build Order

zidar Zerg - Winner!

Build Orders: Hatch First, Muta Ling Bane 

Get SALT Encoding   

  12  0:01  Drone  
  13  0:13  Overlord  
  13  0:18  Drone  
  14  0:31  Drone x2  
  14  0:35  Drone  
  17  0:57  Hatchery  
  17  1:00  Drone  
  17  1:03  Drone  
  18  1:07  Drone  
  19  1:12  Extractor  
  18  1:27  Spawning Pool  
  17  1:32  Drone  
  17  1:37  Drone  
  19  1:40  Overlord  
  19  1:53  Drone  
  20  2:14  Queen x2  
  24  2:16  Metabolic Boost  
  24  2:19  Zergling x2  
  24  2:20  Zergling x2  
  25  2:24  Zergling x2  
  26  2:34  Drone x2  
  28  2:42  Drone  
  29  2:46  Overlord  
  29  3:08  Queen  
  31  3:20  Drone x6  
  31  3:21  Overlord  
  37  3:38  Lair  
  37  3:42  Extractor  
  36  3:50  Extractor  
  36  3:51  Extractor  
  34  4:02  Drone x7  
  41  4:03  Drone  
  42  4:19  Hatchery  
  41  4:48  Evolution Chamber  
  41  4:50  Evolution Chamber  
  41  4:51  Baneling Nest  
  38  4:56  Pneumatized Carapace  
  38  5:00  Drone  
  38  5:01  Drone x8  
  47  5:16  Zerg Melee Weapons Level 1  
  47  5:20  Zerg Ground Armor Level 1  
  47  5:26  Queen  
  49  5:49  Centrifical Hooks  
  49  5:51  Infestation Pit  
  49  5:52  Zergling x20  
  58  6:06  Overlord x3  
  58  6:10  Baneling  
  58  6:11  Baneling x4  
  58  6:34  Hive  
  58  6:35  Spire  
  58  6:37  Drone x3  
  58  6:38  Drone x2  
  62  6:44  Zergling x2  
  62  6:45  Zergling x4  
  65  7:10  Zerg Melee Weapons Level 2  
  65  7:14  Zerg Ground Armor Level 2  
  65  7:16  Baneling x4  
  65  7:18  Zergling x10  
  65  7:19  Zergling x6  
  73  7:45  Hatchery  
  73  7:47  Mutalisk  
  74  7:52  Overlord x3  
  74  7:53  Overlord  
  74  7:55  Zerg Flyer Weapons Level 1  
  74  8:00  Adrenal Glands  
  74  8:14  Drone x6  
  74  8:15  Drone x2  
  74  8:18  Drone  
  83  8:20  Drone  
  83  8:21  Drone  
  85  8:47  Drone x3  
  88  8:50  Overlord  
  88  8:51  Overlord  
  88  9:00  Overseer  
  88  9:03  Ultralisk Cavern  
  88  9:04  Zergling x2  
  88  9:05  Zergling x22  
  88  9:08  Baneling x10  
  88  9:09  Baneling x3  
  98  9:30  Zergling x22  
  109  9:46  Extractor, Mutalisk x5  
  109  9:47  Mutalisk x2, Extractor  
  121  9:53  Baneling x10  
  121  9:57  Chitinous Plating  
  116  10:49  Drone  
  116  10:50  Drone x11  
  116  10:51  Drone  
  128  11:13  Overlord  
  128  11:14  Overlord x7  
  128  11:21  Anabolic Synthesis  
  128  11:23  Zerg Flyer Weapons Level 2  
  128  11:57  Ultralisk x2  
  128  11:58  Ultralisk  
  128  11:59  Ultralisk x2  
  128  12:00  Ultralisk  
  128  12:01  Ultralisk  
  170  12:04  Overlord x3  
  170  12:57  Hatchery  
  106  13:34  Mutalisk x3  
  106  13:35  Mutalisk x8  
  106  13:38  Zergling x2  
  106  13:39  Zergling x26  
  142  14:30  Mutalisk x3  
  142  14:31  Mutalisk x6  
Show
View Real Time Build Order
Export as new Build Order

Myfox Terran 

Build Orders:  

Get SALT Encoding   

  12  0:02  SCV  
  13  0:18  SCV, Supply Depot  
  14  0:31  SCV  
  15  0:41  Barracks  
  15  0:44  Refinery  
  15  0:46  SCV  
  16  0:58  SCV  
  17  1:11  SCV  
  18  1:23  SCV  
  19  1:34  Supply Depot  
  20  1:42  Reaper  
  20  1:43  SCV  
  21  1:57  SCV  
  21  1:58  Refinery  
  22  2:10  SCV  
  23  2:16  Supply Depot  
  23  2:26  SCV  
  24  2:30  Barracks Reactor  
  24  2:33  Factory  
  24  2:38  SCV  
  25  2:46  Command Center  
  25  2:50  SCV  
  25  3:06  Barracks  
  25  3:07  Barracks  
  25  3:10  Marine x2  
  27  3:18  Factory Tech Lab  
  27  3:20  Factory Reactor  
  27  3:27  Starport  
  27  3:30  Marine  
  28  3:48  Marine x2  
  30  3:55  Barracks Tech Lab  
  30  3:56  Barracks Reactor  
  30  4:10  Factory Tech Lab  
  30  4:22  Marine x2  
  34  4:24  Marauder  
  34  4:26  Medivac x2  
  38  4:33  SCV x2  
  40  4:44  Supply Depot  
  40  4:51  Supply Depot  
  40  4:53  Orbital Command  
  40  4:55  Orbital Command  
  40  5:04  Combat Shield  
  40  5:10  Siege Tank  
  43  5:38  Marine x2  
  43  5:40  Marine x2, Marauder  
  43  5:42  Medivac x2  
  53  5:44  Siege Tank  
  56  6:13  SCV x2  
  56  6:17  Marine  
  56  6:18  Marine x2, Marauder  
  62  6:19  Marine, Medivac  
  62  6:20  Medivac  
  62  6:25  SCV x2  
  70  6:46  Engineering Bay x2  
  70  6:59  Supply Depot  
  70  7:00  Supply Depot  
  70  7:06  Refinery  
  70  7:14  Terran Infantry Armor Level 1, Terran Infantry Weapons Level 1  
  70  7:20  Marine x4, SCV x2, Medivac  
  70  7:22  Marauder  
  80  7:45  Viking  
  80  7:50  Viking  
  84  7:57  Missile Turret x2  
  84  8:02  SCV  
  84  8:03  Missile Turret, SCV  
  86  8:08  Stimpack  
  86  8:15  Supply Depot x2  
  86  8:17  Supply Depot  
  86  8:36  Widow Mine  
  88  8:45  Liberator x2  
  88  8:55  SCV x2  
  90  8:57  Marine x2  
  90  8:58  Marine x2  
  90  8:59  Marauder  
  102  9:07  SCV x2  
  104  9:20  Armory  
  103  9:37  Marine x4, Marauder  
  109  9:48  Siege Tank  
  112  10:17  Supply Depot  
  112  10:18  Supply Depot  
  112  10:20  Supply Depot  
  106  10:52  Marine  
  106  10:53  Marine  
  106  10:56  Viking x2  
  112  10:57  Marine, Marauder  
  112  10:58  Marine, Siege Tank  
  119  11:09  Terran Infantry Weapons Level 2, Terran Infantry Armor Level 2  
  119  11:12  Terran Ship Weapons Level 1  
  119  11:13  Marine x2  
  119  11:15  Marine x2  
  123  11:19  Marauder  
  125  11:26  Viking x2  
  125  11:29  Refinery  
  129  12:18  Factory x2  
  129  12:40  Command Center  
  129  12:47  Supply Depot  
  129  12:48  Command Center, Supply Depot  
  129  13:11  Bunker  
Tags
 
Composition
Muta Ling Bane
League
Gold
Matchup
TvZ
Spawn Locations
Cross Positions
Add a new tag
Caveats
  • Supply blocks, unpowered buildings, or Contaminate may cause inaccurate times.
  • Supply counts are checked every 10 seconds.